 Dungeon Crawl Stone Soup version 0.28.0-43-g3370ac3207 (webtiles) character file.

Game seed: 14134320963475423383

61 CryoSword the Skirmisher (level 4, -3/49 HPs)
             Began as an Ogre Chaos Knight on Mar 8, 2022.
             Was a Plaything of Xom.
             Slain by a warg (10 damage)
             ... on level 2 of the Dungeon.
             The game lasted 00:03:41 (2822 turns).

CryoSword the Skirmisher (Ogre Chaos Knight)        Turns: 2822, Time: 00:03:42

Health: -3/49      AC:  4    Str: 18    XL:     4   Next: 7%
Magic:  4/4        EV:  9    Int: 13    God:    Xom [*.....]
Gold:   44         SH:  4    Dex:  8    Spells: 3/3 levels left

rFire   . . .      SeeInvis .   a - +1 mace (chaos)
rCold   . . .      Faith    .   (no shield)
rNeg    . . .      Spirit   .   b - +2 robe
rPois   .          Reflect  .   (helmet restricted)
rElec   .          Harm     .   (no cloak)
rCorr   .          Rampage  .   (gloves unavailable)
Will    .....                   (boots unavailable)
Stlth   +.........              (no amulet)
HPRegen 0.16/turn               (no ring)
MPRegen 0.09/turn               (no ring)

@: unable to read
A: large, unfitting armour, tough skin 1, large bone plates 1, deformed body,
screaming 1, inability to read while threatened
a: Renounce Religion


You were on level 2 of the Dungeon.
You worshipped Xom.
You were a special plaything of Xom.
You visited 1 branch of the dungeon, and saw 3 of its levels.

You collected 44 gold pieces.

Inventory:

Hand Weapons
 a - a +1 mace of chaos (weapon)
Missiles
 l - 3 silver boomerangs (quivered)
Armour
 b - a +2 robe (worn)
Scrolls
 c - 2 scrolls of enchant weapon
 f - 2 scrolls of teleportation {unknown}
 h - a scroll of fear
 j - a scroll of magic mapping {unknown}
 k - a scroll of noise {unknown}
 n - 3 scrolls of vulnerability {unknown}
Potions
 d - a potion of invisibility {unknown}
 e - 3 potions of curing {unknown}
 g - a potion of might {unknown}
 i - a potion of flight {unknown}
 m - a potion of haste {unknown}


   Skills:
 + Level 4.9 Fighting
 * Level 3.9 Maces & Flails
 - Level 2.1 Dodging


You had 3 spell levels left.
You didn't know any spells.
Your spell library contained the following spells:

 Spells                   Type           Power      Damage    Failure   Level
 Animate Skeleton         Necr           0%         N/A       30%         1
 Pain                     Necr           0%         1d4       30%         1
 Vampiric Draining        Necr           0%         2d6       67%         3


Dungeon Overview and Level Annotations

Branches:
Dungeon (3/15)

Altars:


Innate Abilities, Weirdness & Mutations

You are too large for most types of armour.
You have tough skin. (AC +1)
You are partially covered in large bone plates. (SH +4)
Armour fits poorly on your strangely shaped body.
You occasionally shout uncontrollably at your foes.
You sometimes lose the ability to read scrolls when taking damage.


Message History

There is a fountain of sparkling water here.
There is a fountain of sparkling water here.
Found a stone staircase leading up.
Search for what [Enter for "armor", or ? for help]? armor
There is a stone staircase leading up here.
You are now a plaything of Xom.
You see here a +0 leather armour. "Time to have some fun!"
The crimson imp hits you but does no damage.
You closely miss the crimson imp. The crimson imp barely misses you.
You hit the crimson imp.
The crimson imp blinks!
You hit the crimson imp but do no damage.
The crimson imp barely misses you.
You closely miss the crimson imp.
The crimson imp hits you but does no damage.
You thump the crimson imp! You freeze the crimson imp.
The crimson imp completely misses you.
The crimson imp blinks!
You completely miss the crimson imp. The crimson imp hits you.
You closely miss the crimson imp. The crimson imp barely misses you.
You closely miss the crimson imp.
The crimson imp hits you but does no damage.
You miss the crimson imp. The crimson imp hits you.
The crimson imp picks up a beetle and eats it.
The crimson imp hits you.
You barely miss the crimson imp. The crimson imp hits you.
You closely miss the crimson imp. The crimson imp hits you.
You hit the crimson imp.
The crimson imp resists with almost no effort.
The crimson imp hits you but does no damage.
You hit the crimson imp but do no damage.
The crimson imp hits you.
You closely miss the crimson imp. The crimson imp hits you.
The crimson imp barely misses you.
You miss the crimson imp.
The crimson imp hits you but does no damage.
You barely miss the crimson imp.
The crimson imp blinks!
The crimson imp puffs mist at you.
You completely miss the crimson imp.
The crimson imp shouts, "Scamper home, thou currish rump-fed brigand!"
The crimson imp hits you but does no damage.
You hit the crimson imp.
The crimson imp convulses.
The crimson imp hits you but does no damage.
You barely miss the crimson imp. Your punch misses the crimson imp.
The crimson imp misses you.
The crimson imp hits you but does no damage.
You sock the crimson imp!
The crimson imp flickers and vanishes!
Deactivating autopickup; reactivate with Ctrl-A.
Xom thinks this is hilarious!
Something hits you but does no damage.
You completely miss something. Something hits you but does no damage.
You closely miss something. Something hits you but does no damage.
You barely miss something. Something hits you but does no damage.
You miss something. Something hits you. x2
You closely miss something. Something hits you.
You barely miss something. Something hits you but does no damage.
You barely miss something. Something hits you but does no damage.
You closely miss something.
You hear Xom's avuncular chuckle.
Your body is suffused with distortional energy.
Your body twists and deforms.
You lose the ability to read scrolls when threatened.
You feel the urge to shout.
Large bone plates grow over parts of your arms.
You are now a special plaything of Xom.
There is a stone staircase leading up here.
A ball python comes into view.
The ball python hisses angrily.
A ball python is nearby!
A ball python is nearby!
A ball python is nearby!
The ball python bites you.
You barely miss the ball python. The ball python bites you. x2
You closely miss the ball python. The ball python closely misses you.
You hit the ball python.
The ball python seems to slow down.
You freeze the ball python.
You kill the ball python!
No target in view!
No target in view!
Found a scroll labelled SOTUMU WITWET.
You see here a scroll labelled SOTUMU WITWET.
Found 3 silver boomerangs.
You see here 3 silver boomerangs.
You see here 3 silver boomerangs.
You see here a scroll labelled SOTUMU WITWET.
You see here a +0 hand axe.
Done exploring.
Done exploring.
Done exploring.
Done exploring.
You see here a scroll labelled SOTUMU WITWET.
k - a scroll labelled SOTUMU WITWET Autopickup is now on.
l - 3 silver boomerangs Done exploring.
Done exploring.
There is a stone staircase leading down here.
You climb downwards.
Found a yellow potion.
Found a stone staircase leading down.
There is a stone staircase leading up here.
m - a yellow potion
n - 3 scrolls labelled QEDU YDO HICS A kobold comes into view.
It is wielding a +0 dagger.
The kobold shouts!
A kobold is nearby!
A kobold is nearby!
You sock the kobold!
You kill the kobold!
No target in view!
No target in view!
Things that are here:
a +0 dagger; 4 stones You yell at the iguana!
An iguana comes into view.
The iguana hisses angrily.
An iguana is nearby!
An iguana is nearby!
Found a stone staircase leading up.
The iguana bites you!
You closely miss the iguana. The iguana bites you!
You feel threatened and lose the ability to read scrolls!
You are too injured to fight recklessly!
You are too injured to fight recklessly!
You yell at the dart slug!
A dart slug comes into view.
The dart slug launches a dart at you. The slug dart hits you.
* * * LOW HITPOINT WARNING * * *
The dart slug launches a dart at you. The slug dart misses you.
You can read scrolls again.
Okay, then.
Xom's power touches on a nearby monster.
The iguana evaporates and reforms as a warg!
The warg closely misses you.
There is a stone staircase leading up here.
The warg bites you.
You climb upwards.
There is a stone staircase leading down here. "Hum-dee-hum-dee-hum..."
The warg flickers and vanishes!
Deactivating autopickup; reactivate with Ctrl-A.
Something bites you!
You feel threatened and lose the ability to read scrolls!
* * * LOW HITPOINT WARNING * * *
Something bites you.
* * * LOW HITPOINT WARNING * * *
Something bites you.
* * * LOW HITPOINT WARNING * * *
Something bites you!
You die...

#...#####...........####.#....
###...# #.####...#............
#.....# #.# ##............##.#
#.#...# #.###.............#...
#.#...#####...........#####.##.#
#.##........###.#####.# #.##.#
#.##.........>#.# #...# #.#...
#.##.##.......#.# #.### #.##.#
#....##.......#@# #.# #.##.#
#..####.........# #.# #.#...
#..# #.......### #.# #.##.# #..#
#.......# #.# #.##.#
#..####.......# #.# #.##..
#..........#..### #.# #.####
##.####.###.....# #.# #.# #
#.##.)....)..#.###.#######.## #
#...........................###


There were no monsters in sight!

Vanquished Creatures
  An adder (D:2)
  3 worms (D:2)
  A dart slug (D:2)
  4 ball pythons
  4 endoplasms
  A giant cockroach (D:2)
  A goblin (D:1)
  4 hobgoblins (D:1)
  6 jackals (D:1)
  2 quokkas
  4 bats
  5 frilled lizards
  2 kobolds
  2 rats (D:1)
40 creatures vanquished.

Notes
Turn   | Place    | Note
-------+----------+-------------------------------------------
     0 | D:1      | CryoSword the Ogre Chaos Knight began the quest for the
                  | Orb.
     0 | D:1      | Reached XP level 1. HP: 24/24 MP: 1/1
   107 | D:1      | XOM: silly message
   268 | D:1      | Reached XP level 2. HP: 32/32 MP: 2/2
   633 | D:1      | Found a faded altar of an unknown god.
  1140 | D:1      | Reached XP level 3. HP: 40/40 MP: 3/3
  1913 | D:2      | Reached XP level 4. HP: 21/49 MP: 4/4
  2055 | D:2      | XOM: silly message
  2269 | D:2      | XOM: summons 1 hostile demon
  2350 | D:2      | XOM: give mutations
  2350 | D:2      | Gained mutation: Armour fits poorly on your strangely
                  | shaped body. [Xom's mischief]
  2350 | D:2      | Gained mutation: You sometimes lose the ability to read
                  | scrolls when taking damage. [Xom's mischief]
  2350 | D:2      | Gained mutation: You occasionally shout uncontrollably at
                  | your foes. [Xom's mischief]
  2350 | D:2      | Gained mutation: You are partially covered in large bone
                  | plates. (SH +4) [Xom's mischief]
  2813 | D:3      | Noticed a warg
  2813 | D:3      | an iguana changed into a warg
  2813 | D:3      | XOM: polymorph iguana -> warg
  2819 | D:2      | XOM: enchant monster (bad)
  2822 | D:2      | Slain by a warg

Illustrated notes

Levels and vault maps discovered:
D:1:      erik_arrival_blinker_ship, layout_basic,
          shapermc_ecumenical_altar_totnotflames
D:2:      layout_loops_ring, amethyst_killhole, grunt_decor_mini_mirrors,
          amcnicky_mini_corridor_feature
D:3:      minmay_wonky_spiral, layout_loops_ring, lemuel_round_altar,
          mainiacjoe_overflow_cross_hatched, general_overflow_altar,
          serial_shops, nicolae_shop_stone, kennysheep_generic_room_15

Skill      XL: |  1 |
---------------+----+-----
Maces & Flails | 3 |  3.9
Fighting       | |  4.9
Dodging        | |  2.1

Action                   |  1- 3 |  4- 6 || total
-------------------------+-------+-------++-------
Melee: Mace              |   135 |    33 ||   168
       Punch             |     2 |       ||     2
  Use: Scroll            |     2 |       ||     2
Armor: Robe              |    82 |    14 ||    96
Dodge: Dodged            |    62 |     9 ||    71
